 Dungeon Crawl Stone Soup version 0.28-a0-1555-g9ae15a6949 (webtiles) character file.

Game seed: 15324535099517451281

39 HallandMoats the Skirmisher (level 3, -1/33 HPs)
             Began as a Ghoul Monk on Jan 18, 2022.
             Was a Follower of Uskayaw.
             Slain by Crazy Yiuf (2 damage)
             ... on level 2 of the Dungeon.
             The game lasted 00:01:44 (2485 turns).

HallandMoats the Skirmisher (Ghoul Monk)            Turns: 2485, Time: 00:01:45

Health: -1/33      AC:  8    Str: 16    XL:     3   Next: 47%
Magic:  2/2        EV: 12    Int:  5    God:    Uskayaw [*.....]
Gold:   86         SH:  0    Dex: 11    Spells: 2/2 levels left

rFire   . . .      SeeInvis .   (no weapon)
rCold   + . .      Faith    .   (no shield)
rNeg    + + +      Spirit   .   k - +0 chain mail
rPois   ∞          Reflect  .   (no helmet)
rElec   .          Harm     .   (no cloak)
rCorr   .          Rampage  .   (no gloves)
Will    .....                   (no boots)
Stlth   ..........              (no amulet)
HPRegen 0.00/turn               (no ring)
MPRegen 0.08/turn               (no ring)

@: agile, inhibited regen
A: claws 1, cold resistance 1, negative energy resistance 3, inhibited
regeneration, torment resistance 2
a: Renounce Religion, Stomp


You were on level 2 of the Dungeon.
You worshipped Uskayaw.
Uskayaw was noncommittal.
You visited 1 branch of the dungeon, and saw 2 of its levels.

You collected 86 gold pieces.

Inventory:

Hand Weapons
 a - a +0 hand axe
Armour
 k - a +0 chain mail (worn)
Wands
 i - a wand of mindburst (17)
Scrolls
 c - a scroll of holy word {unknown}
 d - a scroll of amnesia {unknown}
 e - 2 scrolls of enchant armour {unknown}
 f - a scroll of enchant weapon {unknown}
 g - 2 scrolls of identify {unknown}
 j - a scroll of blinking {unknown}


   Skills:
 * Level 3.7 Fighting
 * Level 3.2 Axes
 + Level 0.7 Armour
 + Level 2.8 Dodging
 - Level 2.1 Stealth
 + Level 1.0 Invocations


You had 2 spell levels left.
You didn't know any spells.
Your spell library was empty.

Dungeon Overview and Level Annotations

Branches:
Dungeon (2/15)

Altars:
Uskayaw

Annotations:
D:2 Crazy Yiuf


Innate Abilities, Weirdness & Mutations

You thrive by killing the living.
You are immune to poison.
You have sharp fingernails.
Your flesh is cold resistant. (rC+)
You are immune to negative energy. (rN+++)
You do not regenerate when monsters are visible.
You are immune to unholy pain and torment.


Message History

Things that are here:
a +0 short sword; 5 stones; a kobold corpse You see here a +0 robe.
There is a stone staircase leading down here.
Found a flail.
Key pressed, stopping explore.
Key pressed, stopping explore.
No reachable target in view!
Search for what [? for help]? sling Can't find anything matching that.
Unknown command.
It was a potion of curing.
You feel better.
Crazy Yiuf says, "Gnoll foot cloud!"
You open the door.
You scratch Crazy Yiuf but do no damage.
Crazy Yiuf barely misses you.
You scratch Crazy Yiuf.
Crazy Yiuf is lightly wounded.
Crazy Yiuf hits you with a +3 quarterstaff of chaos.
Crazy Yiuf freezes you.
You scratch Crazy Yiuf. Your claw misses Crazy Yiuf.
Crazy Yiuf is moderately wounded.
Crazy Yiuf hits you with a +3 quarterstaff of chaos.
You feel agile all of a sudden.
You closely miss Crazy Yiuf.
Crazy Yiuf is moderately wounded.
Crazy Yiuf hits you with a +3 quarterstaff of chaos.
Crazy Yiuf burns you.
You barely miss Crazy Yiuf. You claw Crazy Yiuf.
Crazy Yiuf is heavily wounded.
Crazy Yiuf closely misses you.
You scratch Crazy Yiuf.
Crazy Yiuf is heavily wounded.
Crazy Yiuf hits you with a +3 quarterstaff of chaos.
You scratch Crazy Yiuf but do no damage.
Crazy Yiuf is heavily wounded.
Crazy Yiuf hits you with a +3 quarterstaff of chaos!
* * * LOW HITPOINT WARNING * * *
Crazy Yiuf freezes you.
You die...

.......<#.#..##.###.#..##.#.#####
####.......###### ####.##.#.#####
##....##...# #.#..#).#...
...........# ##### #.#.###.#.##
##....###.## #)..# #...........
#....# #..# #...# #...........
#....# #.## ... #...........
####.## #.# #g# #.#######.##
.....####.## ♣@♣♣ #..........#
...........# ♣♣.♣ #>....###..#
...........# ♣.♣♣ #...### #..#
...........# ♣♣.♣ #....## #..#
##......#.## ♣♣.♣♣ #.....# #..#
##......#.## ♣♣PP.♣ #.#.#####..#
...........# ♣....♣ #...........
##......#.## #+..+# #...........
#......#.#####....###.#.####...#


You could see Crazy Yiuf.

Vanquished Creatures
  5 ball pythons
  5 endoplasms
  4 giant cockroaches
  2 goblins (D:1)
  2 hobgoblins (D:1)
  3 kobolds
  A quokka (D:1)
  3 bats (D:1)
  4 frilled lizards (D:1)
  7 rats
36 creatures vanquished.

Notes
Turn   | Place    | Note
-------+----------+-------------------------------------------
     0 | D:1      | HallandMoats the Ghoul Monk began the quest for the Orb.
     0 | D:1      | Reached XP level 1. HP: 19/19 MP: 0/0
   226 | D:1      | Reached XP level 2. HP: 21/26 MP: 1/1
   819 | D:1      | Reached XP level 3. HP: 22/31 MP: 2/2
   893 | D:1      | Found a faded altar of an unknown god.
   910 | D:1      | Prayed at the altar of an unknown god.
   910 | D:1      | Became a worshipper of Uskayaw the Reveller
   910 | D:1      | Reached * piety under Uskayaw
   910 | D:1      | Reached ** piety under Uskayaw
  1418 | D:2      | Reached skill level 1 in Invocations
  1559 | D:2      | Found a runed translucent door.
  1560 | D:2      | Noticed Crazy Yiuf
  2485 | D:2      | HP: 1/33 [Crazy Yiuf (14)]
  2485 | D:2      | Slain by Crazy Yiuf

Illustrated notes

Levels and vault maps discovered:
D:1:      sevenhm_arrival_forest_fort_large_4, layout_loops_cross,
          hellmonk_ecumenical_altar_run_dry
D:2:      layout_basic, serial_co_window_serial, co_window_paths_b,
          co_window_paths_b, co_window_paths_b, co_window_paths_b,
          co_window_paths_a, co_window_corner_cb, co_window_2corner,
          co_window_of_opportunity_b, co_window_paths_d, co_window_4corner_a,
          item_on_display_a, uniq_crazy_yiuf_cottage

Skill      XL: |  1  2  3 |
---------------+----------+-----
Axes           | 3 |  3.2
Invocations    | 1 |  1.0
Fighting       | |  3.7
Armour         | |  0.7
Dodging        | |  2.8
Stealth        | |  2.1

Action                   || total
-------------------------++-------
Melee: Unarmed           ||   147
       Punch             ||     4
  Use: Potion            ||     1
 Stab: Sleeping          ||     6
Armor: Robe              ||    27
Dodge: Dodged            ||    76

Table legend: (Time is in decaauts)
 A = Elapsed time spent in this place.
 B = Non-inter-level travel time spent in this place.
 C = Inter-level travel time spent in this place.
 D = Time resting spent in this place.
 E = Time spent auto-exploring this place.
 F = Levels seen in this place.
 G = Mean time per level.
                   A        B        C        D        E       F      G
               +--------+--------+--------+--------+--------+-----+--------+
         Total |   2484 |   2453 |     31 |      0 |   2124 |   2 | 1242.0 |
       Dungeon |   2484 |   2453 |     31 |      0 |   2124 |   2 | 1242.0 |
               +--------+--------+--------+--------+--------+-----+--------+

Top non-repeatable levels by time:
     D:2: 1244 daAuts
     D:1: 1239 daAuts
